 Dungeon Crawl Stone Soup version 0.22-a0-558-gc224181 (webtiles) character file.

239998 vinnietd the Tortoise (level 19, -2/180 HPs)
             Began as a Gargoyle Fighter on June 26, 2018.
             Was a High Priest of Trog.
             Slain by a wolf spider (9 damage)
             ... summoned by a boggart
             ... on level 3 of the Vaults on June 28, 2018.
             The game lasted 01:57:30 (42770 turns).

vinnietd the Tortoise (Gargoyle Fighter)           Turns: 42770, Time: 01:57:30

Health: -2/180     AC: 34    Str: 32    XL:     19   Next: 76%
Magic:  0/19       EV:  5    Int: 12    God:    Trog [*****.]
Gold:   2797       SH: 22    Dex: 10    Spells: 18/18 levels left

rFire    . . .     SeeInvis .   O - +3 demon whip (elec)
rCold    + . .     Gourm    .   A - +0 large shield
rNeg     + . .     Faith    .   b - +8 orange crystal plate armour {Archmagi, Int+3 Clar}
rPois    ∞         Spirit   +   o - +1 helmet
rElec    +         Reflect  .   L - scarf {repulsion}
rCorr    .         Harm     .   r - +0 pair of gloves
MR       ++...     Clarity  +   (no boots)
Stlth    ..........             D - amulet of guardian spirit
HPRegen  0.40/turn              a - ring of protection from magic
MPRegen  0.16/turn              w - +3 ring of slaying

@: berserking, corroded, repel missiles, very quick
A: big wings, yellow scales 1, clarity, cold resistance 1, mutation resistance
1, negative energy resistance 1, electricity resistance, unbreathing,
petrification resistance, rot immunity, AC +14
}: 1/15 runes: gossamer
a: Fly, Berserk, Trog's Hand, Brothers in Arms, Renounce Religion


You were on level 3 of the Vaults.
You worshipped Trog.
Trog was extremely pleased with you.
You were hungry.

You visited 5 branches of the dungeon, and saw 30 of its levels.
You also visited: Ice Cave.

You collected 3427 gold pieces.
You spent 630 gold pieces at shops.

Inventory:

Hand Weapons
 i - a +4 antimagic eveningstar
 x - a +5 mace of holy wrath
 O - a +3 demon whip of electrocution (weapon)
Missiles
 c - 5 poisoned javelins
 d - 8 needles of confusion
 g - 3 javelins of penetration
 B - 6 javelins of returning (quivered)
 P - 5 exploding tomahawks
 X - 6 steel javelins
 Y - a tomahawk of returning
Armour
 b - the +8 orange crystal plate armour (worn) {Archmagi, Int+3 Clar}
   (You found it on level 5 of the Lair of Beasts)

   It affects your intelligence (+3).
   It protects you against confusion.
 o - a +1 helmet (worn)
 r - a +0 pair of gloves (worn)
 A - a +0 large shield (worn)
 L - a scarf of repulsion (worn)
Jewellery
 a - a ring of protection from magic (left hand)
 m - an uncursed ring of protection from fire
 w - a +3 ring of slaying (right hand)
 D - an amulet of guardian spirit (around neck)
 G - an uncursed ring of magical power {unknown}
Wands
 u - a wand of acid (16)
 v - a wand of polymorph (29)
 y - a wand of digging (30)
 C - a wand of disintegration (15)
 J - a wand of iceblast (4)
 M - a wand of paralysis (7)
Scrolls
 k - 8 scrolls of enchant armour
 l - a scroll of blinking
 p - a scroll of silence {unknown}
 q - 14 scrolls of identify {@r1}
 s - 8 scrolls of teleportation
 z - 10 scrolls of remove curse {@r2}
 E - 3 scrolls of fear
 F - a scroll of enchant weapon
 I - a scroll of summoning
 K - 10 scrolls of magic mapping
 N - a scroll of fog
Potions
 e - 6 potions of brilliance
 h - a potion of heal wounds
 j - 11 potions of curing {@q1}
 t - 5 potions of ambrosia
 Q - 2 potions of cancellation
 R - a potion of magic
 T - a potion of might
 U - a potion of resistance
 V - 5 potions of mutation {!q}
Miscellaneous
 n - a phantom mirror
 W - a lightning rod (4/4)
Comestibles
 f - 35 rations


   Skills:
 * Level 13.6 Fighting
 - Level 16.0 Maces & Flails
 + Level 15.4 Throwing
 + Level 18.6 Armour
 + Level 16.2 Shields


You had 18 spell levels left.
You didn't know any spells.
Your spell library was empty.

Dungeon Overview and Level Annotations

Branches:
Dungeon (15/15)            Temple (0/1) D:4            Lair (6/6) D:9
 Shoals (0/4) Lair:2       Spider (4/4) Lair:4        Slime (0/5) Lair:6
    Orc (2/2) D:10            Elf (0/3) Orc:2        Vaults (3/5) D:14
  Crypt (0/3) Vaults:3     Depths (0/5) D:15

Altars:
Fedhas
Kikubaaqudgha
Makhleb
Okawaru
Ru
Sif Muna
Trog
Xom
Yredelemnul
The Shining One
Beogh
Jiyva

Shops:
D:4 *   D:9 ?   D:12 *   D:13 !   Orc:2 =%%(   Vaults:3 !

Annotations:
Lair:6 1 runed door


Innate Abilities, Weirdness & Mutations

You are resistant to torment.
Your stone body is resilient. (AC +14)
You are immune to poison.
Your large and strong wings let you fly indefinitely.
You resist negative energy. (rN+)
You are resistant to electric shocks. (rElec)
You can survive without breathing.
You are immune to petrification.
You are immune to rotting.
You are partially covered in yellow scales. (AC +2)
You possess an exceptional clarity of mind.
Your flesh is cold resistant. (rC+)
You are somewhat resistant to further mutation.


Message History

The wolf spider hits you!
* * * LOW HITPOINT WARNING * * *
You block the wolf spider's attack.
The ironheart preserver hits you with a mace!
* * * LOW HITPOINT WARNING * * *
You whack the ghostly deep elf death mage!
Lightning courses through the ghostly deep elf death mage!
The ghostly deep elf death mage is heavily damaged.
You block the wolf spider's attack. x2
The fire dragon bites you but does no damage.
The fire dragon claws you but does no damage.
The fire dragon barely misses you.
The ironheart preserver hits you but does no damage.
You are too berserk!
You are too berserk!
You thrash the ghostly deep elf death mage!!
The ghostly deep elf death mage is severely damaged.
You block the wolf spider's attack. The wolf spider barely misses you.
The wolf spider hits you!
You die...

#.#.......#.'....
#.###._.###.#....
#...#...#...##...
#.8.#####.8.###..
#....)))....# ##.
#+##############)########'
#.......y{ype......†......
#......OODJe..............
#......Op@ea*§............
#.......pssCg*............
#........JOO..............
#.....####e###############
#.....#.......#
#.....#.......#
#.....#.......# ######
#.....#.......#
.))..###.....#.......#


You could see 3 ironheart preservers, a fire giant, a fire dragon, an entropy
weaver, a deep elf annihilator, a ghostly deep elf death mage, a very large
slime creature, a large slime creature, 2 wolf spiders, a two-headed ogre, an
ogre mage, 2 deep elf magi, 2 hornets, 3 ogres, 2 lost souls and a boggart.

Vanquished Creatures
  Jorgrun (Vaults:1)
  Rupert (D:13)
  Frances (Spider:2)
  2 tengu reavers (Vaults:2)
  Kirke (Spider:1)
  A sphinx (Vaults:3)
  The ghost of shitimlost the Severer, a journeyman HOFi of Beogh (D:14)
  2 ghost moths
  3 frost giants
  7 emperor scorpions
  4 vault wardens
  Louise (Spider:1)
  Aizul (Spider:1)
  2 stone giants (Vaults:3)
  5 ironheart preservers
  Nessos (D:13)
  3 entropy weavers
  3 deep elf annihilators (Vaults:2)
  A spark wasp (Spider:2)
  2 fire dragons
  3 ettins
  3 ogre magi
  Josephine (D:13)
  2 deep elf death magi (Vaults:2)
  5 yaktaur captains
  8 hydras
  A great orb of eyes (Vaults:3)
  2 rakshasas (Vaults:3)
  11 vault guards
  Erica (Lair:1)
  17 two-headed ogres
  4 centaur warriors
  2 catoblepae (Lair:6)
  7 death yaks
  A deep troll shaman (Lair:6)
  2 tengu warriors (D:14)
  An orc high priest (Orc:1)
  2 deep troll earth magi
  3 deep elf knights (Vaults:2)
  Sonja (Lair:1)
  A shadow wraith (Vaults:3)
  An unseen horror (Vaults:1)
  An entropy weaver zombie (Spider:1)
  8 deep trolls
  A glowing orange brain (Vaults:3)
  13 skeletal warriors
  3 deep elf archers
  2 flayed ghosts (Vaults:2)
  A lindwurm (Lair:6)
  Pikel (D:5)
  A wizard (Vaults:1)
  3 ironbrand convokers
  5 wolf spider zombies
  A necromancer (D:13)
  17 orb spiders
  10 ugly things
  28 wolf spiders
  3 orc sorcerers (Orc:1)
  9 cyclopes
  A manticore (D:6)
  4 orc knights
  2 deep elf magi
  3 moths of wrath
  8 oklob plants
  A salamander (shapeshifter) (Vaults:3)
  6 vault sentinels
  7 elephants (Lair:6)
  An ice statue (IceCv)
  A merfolk siren (Lair:2)
  6 small abominations (Spider:1)
  5 black mambas
  10 spiny frogs
  A torpor snail (Spider:4)
  5 gargoyles
  A kobold demonologist (D:15)
  2 rime drakes (Lair:4)
  4 redback zombies (Spider:1)
  A komodo dragon (Lair:6)
  17 yaktaurs
  2 ice devils (Lair:6)
  A freezing wraith (Vaults:3)
  3 tengu conjurers
  23 demonic crawlers
  33 jumping spiders
  A wolf spider simulacrum (D:13)
  A queen bee (shapeshifter) (D:13)
  10 trolls
  A hornet (shapeshifter) (Vaults:3)
  A meliai (shapeshifter) (Vaults:2)
  A queen bee (D:14)
  A moth of wrath zombie (Spider:1)
  A shadow dragon simulacrum (Vaults:1)
  14 hornets
  4 jumping spider zombies (Spider:1)
  20 polar bears
  A frost giant simulacrum (Vaults:3)
  A snapping turtle (shapeshifter) (Vaults:1)
  Prince Ribbit (D:6)
  29 blink frogs
  3 tarantella zombies (Spider:1)
  18 slime creatures
  6 hippogriffs
  A slime creature (shapeshifter) (Vaults:3)
  12 dream sheep
  A stone giant simulacrum (Vaults:3)
  3 shadows
  82 redbacks
  Sigmund (D:6)
  50 yaks
  34 tarantellas
  A hog (Spider:1)
  A vampire (D:15)
  6 wraiths
  Grum (D:8)
  4 wyverns
  2 hungry ghosts
  2 basilisks
  Eustachio (D:4)
  11 vampire mosquitoes
  2 wargs (Orc:1)
  Menkaure (D:5)
  A soldier ant (shapeshifter) (Vaults:3)
  12 water moccasins
  6 soldier ants (Spider:1)
  Duvessa (D:5)
  6 porcupines
  21 orc warriors
  6 sky beasts
  2 ice beasts
  A hornet zombie (D:15)
  3 phantoms
  3 black bears
  33 ogres
  3 eyes of draining
  22 wolves
  3 boggarts
  6 centaurs
  6 crocodiles
  Blork the orc (D:3)
  2 big kobolds (D:12)
  15 bullfrogs
  2 wyvern zombies
  Dowan (D:5)
  2 water moccasin zombies
  6 scorpions (Spider:1)
  20 killer bees
  6 electric eels
  4 wights (D:10)
  4 howler monkeys
  6 crimson imps
  A centaur zombie (D:12)
  2 bullfrog zombies
  7 hounds
  2 quasits
  2 jellies
  7 centaur skeletons
  6 orc priests
  25 orc wizards
  Natasha (thrice) (D:4)
  3 iguanas
  20 worker ants
  A hound skeleton (D:10)
  Robin (D:3)
  A worker ant zombie (D:5)
  6 adders
  2 river rats (D:4)
  2 shadow imps
  2 oozes
  An adder zombie (D:6)
  An adder skeleton (D:4)
  3 worms (D:4)
  4 dart slugs
  3 leopard geckos
  66 orcs
  5 giant cockroaches
  12 goblins
  13 hobgoblins
  10 jackals
  13 kobolds
  10 quokkas
  9 bats
  3 frilled lizards
  4 rats
  4 crawling corpses (Spider:1)
  3 plants
1168 creatures vanquished.

Vanquished Creatures (collateral kills)
  The ghost of tamionv the Bludgeoner, an adept GrBe of Trog (Vaults:1)
  An emperor scorpion (Spider:3)
  An ironheart preserver (Vaults:1)
  A rakshasa (Vaults:1)
  A slime creature (Vaults:1)
  A necromancer (Vaults:1)
  An ugly thing (Vaults:3)
  A wolf spider (Vaults:1)
  3 oklob plants (Lair:6)
  2 human skeletons (Vaults:1)
  3 jumping spiders (Spider:3)
  2 redbacks (Spider:3)
  An ogre (Vaults:1)
  A crocodile (Lair:4)
20 creatures vanquished.

Vanquished Creatures (others)
  2 jumping spiders
  A redback (Spider:1)
  3 humans (Spider:1)
  A boggart (D:15)
  A worker ant (Spider:1)
  A ball python (D:5)
  13 fungi
  15 plants
  2 withered plants (D:14)
39 creatures vanquished.

Grand Total: 1227 creatures vanquished

Notes
Turn   | Place    | Note
-------+----------+-------------------------------------------
     0 | D:1      | vinnietd the Gargoyle Fighter began the quest for the Orb.
     0 | D:1      | Reached XP level 1. HP: 14/14 MP: 1/1
   151 | D:1      | Reached XP level 2. HP: 19/19 MP: 2/2
   511 | D:2      | Reached XP level 3. HP: 17/23 MP: 3/3
   754 | D:2      | Found a burning altar of Makhleb.
   915 | D:2      | Found a glowing golden altar of the Shining One.
  1219 | D:3      | Noticed Robin
  1235 | D:3      | Reached XP level 4. HP: 20/28 MP: 4/4
  1239 | D:3      | Killed Robin
  1821 | D:4      | Noticed Blork the orc
  1859 | D:3      | Killed Blork the orc
  1859 | D:3      | Reached skill level 5 in Maces & Flails
  1859 | D:3      | Reached XP level 5. HP: 10/32 MP: 5/5
  2109 | D:4      | Noticed an ogre
  2188 | D:3      | Killed an ogre
  2188 | D:3      | Reached skill level 1 in Throwing
  2188 | D:3      | Reached XP level 6. HP: 18/37 MP: 6/6
  2490 | D:4      | Found Toaxuupn's General Store.
  3061 | D:4      | Found a bloodstained altar of Trog.
  3086 | D:4      | Became a worshipper of Trog the Wrathful
  3110 | D:4      | Reached skill level 4 in Armour
  3137 | D:4      | Found a deep blue altar of Sif Muna.
  3150 | D:4      | Noticed Eustachio
  3195 | D:4      | Killed Eustachio
  3195 | D:4      | Reached XP level 7. HP: 4/41 MP: 7/7
  3748 | D:4      | Noticed Natasha
  3785 | D:4      | Killed Natasha
  3824 | D:4      | Noticed Natasha
  3837 | D:4      | Killed Natasha
  4042 | D:4      | Found a staircase to the Ecumenical Temple.
  4241 | D:4      | Noticed Natasha
  4252 | D:4      | Killed Natasha
  4433 | D:5      | Entered Level 5 of the Dungeon
  4510 | D:5      | Reached XP level 8. HP: 46/48 MP: 8/8
  4535 | D:5      | Reached skill level 5 in Shields
  4625 | D:5      | Noticed Pikel
  4625 | D:5      | Noticed Menkaure
  4633 | D:5      | Killed Menkaure
  4633 | D:5      | Reached skill level 5 in Armour
  4643 | D:5      | Killed Pikel
  4655 | D:5      | Reached * piety under Trog
  4984 | D:5      | Noticed Dowan
  4985 | D:5      | Noticed Duvessa
  4997 | D:5      | Killed Duvessa
  4997 | D:5      | Reached skill level 5 in Fighting
  5024 | D:5      | Killed Dowan
  5024 | D:5      | Reached XP level 9. HP: 13/54 MP: 9/9
  5607 | D:6      | Noticed a manticore
  5630 | D:6      | Killed a manticore
  5630 | D:6      | Reached skill level 6 in Armour
  6066 | D:6      | Noticed Prince Ribbit
  6088 | D:6      | Killed Prince Ribbit
  6348 | D:6      | Found a deep blue altar of Sif Muna.
  6533 | D:6      | Noticed Sigmund
  6556 | D:6      | Killed Sigmund
  6855 | D:7      | Reached ** piety under Trog
  7002 | D:7      | Found a sacrificial altar of Ru.
  7011 | D:7      | Reached XP level 10. HP: 61/61 MP: 10/10
  7561 | D:8      | Noticed Grum
  7585 | D:8      | Killed Grum
  7592 | D:8      | Reached skill level 7 in Armour
  7594 | D:8      | Reached skill level 5 in Throwing
  8084 | D:8      | Found a shimmering altar of Xom.
  8437 | D:9      | Found a staircase to the Lair.
  8541 | D:9      | Found Viugi's Magic Scroll Shop.
  8747 | D:9      | Reached skill level 10 in Maces & Flails
  9001 | D:9      | Found an iron altar of Okawaru.
  9228 | D:9      | Reached *** piety under Trog
  9437 | D:10     | Entered Level 10 of the Dungeon
  9459 | D:10     | Found a staircase to the Orcish Mines.
  9691 | D:10     | Upgraded the game from 0.22-a0-553-g9358b0b to 0.22-a0-558-gc224181
  9823 | D:10     | Reached XP level 11. HP: 52/67 MP: 11/11
 10086 | D:10     | Reached skill level 8 in Armour
 10427 | D:11     | Reached **** piety under Trog
 10668 | D:11     | Noticed an eight-headed hydra
 10684 | D:11     | Killed an eight-headed hydra
 10771 | D:11     | Noticed a white ugly thing
 10771 | D:11     | Noticed a cyclops
 10797 | D:11     | Killed a white ugly thing
 10803 | D:11     | Killed a cyclops
 11365 | D:11     | Noticed a two-headed ogre
 11383 | D:11     | Killed a two-headed ogre
 11558 | D:11     | Noticed a skeletal warrior
 11559 | D:11     | Noticed a skeletal warrior
 11579 | D:11     | Killed a skeletal warrior
 11608 | D:11     | Killed a skeletal warrior
 11729 | D:11     | Noticed a skeletal warrior
 11744 | D:11     | Killed a skeletal warrior
 11744 | D:11     | Reached XP level 12. HP: 72/75 MP: 12/12
 12045 | D:12     | Reached skill level 9 in Armour
 12863 | D:12     | Got an ichor-stained quarterstaff
 12869 | D:12     | Identified the +8 quarterstaff of Xom's Condemnation {holy, rC+++ MR- Dex+7} (You found it on level 12 of the Dungeon)
 13002 | D:12     | Noticed a two-headed ogre
 13009 | D:12     | Killed a two-headed ogre
 13214 | D:12     | Found Keikumm's General Store.
 13774 | Lair:1   | Entered Level 1 of the Lair of Beasts
 13894 | Lair:1   | Noticed Erica
 13901 | Lair:1   | Noticed a six-headed hydra
 13909 | Lair:1   | Killed Erica
 13909 | Lair:1   | Reached skill level 10 in Shields
 13917 | Lair:1   | Killed a six-headed hydra
 13917 | Lair:1   | Reached skill level 10 in Armour
 14382 | Lair:1   | Noticed a six-headed hydra
 14434 | Lair:1   | Killed a six-headed hydra
 14668 | Lair:1   | Noticed Sonja
 14685 | Lair:1   | Killed Sonja
 14763 | Lair:1   | Reached XP level 13. HP: 73/79 MP: 13/13
 15960 | Lair:2   | Found a staircase to the Shoals.
 16361 | Lair:2   | Received a gift from Trog
 16491 | Lair:2   | Reached skill level 11 in Armour
 16972 | Lair:3   | Got an ancient ring mail
 16973 | Lair:3   | Identified the +3 ring mail of Juichuda {rN+ rCorr} (You found it on level 3 of the Lair of Beasts)
 18367 | Lair:4   | Found a hole to the Spider Nest.
 18426 | Lair:4   | You fall through a shaft!
 18460 | Lair:4   | Reached ***** piety under Trog
 18464 | Lair:4   | Received a gift from Trog
 19160 | Lair:4   | Gained mutation: Your spells are a little easier to cast, but a little less powerful. [potion of mutation]
 19160 | Lair:4   | Gained mutation: You have sharp toenails. [potion of mutation]
 19161 | Lair:4   | Lost mutation: You have sharp toenails. [potion of mutation]
 19161 | Lair:4   | Lost mutation: Your spells are a little easier to cast, but a little less powerful. [potion of mutation]
 19161 | Lair:4   | Gained mutation: You possess an exceptional clarity of mind. [potion of mutation]
 19161 | Lair:4   | Gained mutation: You are clumsy. (Dex -2) [potion of mutation]
 19161 | Lair:4   | Gained mutation: You are somewhat resistant to further mutation. [potion of mutation]
 19677 | Lair:5   | Gained mutation: Your large and strong wings let you fly indefinitely. [Gargoyle growth]
 19677 | Lair:5   | Reached XP level 14. HP: 70/84 MP: 14/14
 19897 | Lair:5   | Received a gift from Trog
 20045 | Lair:5   | Reached skill level 12 in Armour
 20253 | Lair:5   | Found the +8 orange crystal plate armour {Archmagi, Int+3 Clar}
 20568 | Lair:6   | Entered Level 6 of the Lair of Beasts
 20760 | Lair:6   | Received a gift from Trog
 20768 | Lair:6   | Found a frozen archway.
 20783 | IceCv    | Entered an ice cave
 21007 | IceCv    | Received a gift from Trog
 21079 | IceCv    | Lost mutation: You are clumsy. (Dex -2) [potion of mutation]
 21079 | IceCv    | Gained mutation: You have a pair of small horns on your head. [potion of mutation]
 21079 | IceCv    | Gained mutation: Your spells are a little harder to cast, but a little more powerful. [potion of mutation]
 21080 | IceCv    | Lost mutation: You have a pair of small horns on your head. [potion of mutation]
 21080 | IceCv    | Lost mutation: Your spells are a little harder to cast, but a little more powerful. [potion of mutation]
 21080 | IceCv    | Gained mutation: Your flesh is cold resistant. (rC+) [potion of mutation]
 21080 | IceCv    | Gained mutation: You are partially covered in yellow scales. (AC +2) [potion of mutation]
 21633 | IceCv    | Noticed a frost giant
 21672 | IceCv    | Killed a frost giant
 21754 | IceCv    | Got a jewelled great mace
 21755 | IceCv    | Identified the +4 great mace of Sennilof {vamp, MR+ Int+4 Dex-4} (You found it in an ice cave)
 21767 | IceCv    | Got a jewelled battleaxe
 22107 | Lair:6   | Found a runed door.
 22120 | Lair:6   | Found a viscous altar of Jiyva.
 22121 | Lair:6   | Found a staircase to the Slime Pits.
 22121 | Lair:6   | Noticed an acid blob
 22312 | Lair:6   | Received a gift from Trog
 22675 | Lair:6   | Reached skill level 10 in Throwing
 23106 | Lair:6   | Reached skill level 13 in Armour
 23136 | Lair:6   | Reached XP level 15. HP: 63/89 MP: 15/15
 24235 | D:13     | Noticed Rupert
 24243 | D:13     | Killed Rupert
 24279 | D:13     | Reached skill level 15 in Maces & Flails
 24621 | D:13     | Found Elatuz's Distillery.
 24711 | D:13     | Noticed Josephine
 24713 | D:13     | Received a gift from Trog
 24728 | D:13     | Killed Josephine
 25067 | D:13     | Noticed Nessos
 25080 | D:13     | Killed Nessos
 25188 | D:13     | Received a gift from Trog
 26234 | D:14     | Received a gift from Trog
 26396 | D:14     | Found a blossoming altar of Fedhas.
 26421 | D:14     | Found a gate to the Vaults.
 26565 | D:14     | Reached skill level 14 in Armour
 26793 | D:14     | Reached XP level 16. HP: 77/94 MP: 16/16
 26821 | D:14     | Received a gift from Trog
 27048 | D:14     | Noticed shitimlost's ghost (journeyman HOFi)
 27049 | D:14     | Found a runed door.
 27074 | D:14     | Killed shitimlost's ghost
 27328 | D:15     | Entered Level 15 of the Dungeon
 28243 | D:15     | Found a staircase to the Depths.
 28369 | D:15     | Received a gift from Trog
 28971 | Spider:1 | Entered Level 1 of the Spider Nest
 29003 | Spider:1 | Noticed Kirke
 29023 | Spider:1 | Killed Kirke
 29158 | Spider:1 | Noticed Louise
 29204 | Spider:1 | Received a gift from Trog
 29210 | Spider:1 | Killed Louise
 29624 | Spider:1 | Reached skill level 15 in Armour
 29674 | Spider:1 | Reached skill level 15 in Shields
 29722 | Spider:1 | Received a gift from Trog
 30641 | Spider:1 | Noticed Aizul
 30690 | Spider:1 | Killed Aizul
 30797 | Spider:1 | Reached XP level 17. HP: 94/99 MP: 5/17
 31215 | Spider:2 | Noticed Frances
 31228 | Spider:2 | Killed Frances
 31685 | Spider:2 | Reached skill level 16 in Armour
 31782 | Spider:2 | Received a gift from Trog
 32861 | Spider:3 | Reached ****** piety under Trog
 32899 | Spider:3 | Received a gift from Trog
 34189 | Spider:4 | Entered Level 4 of the Spider Nest
 34360 | Spider:4 | Reached skill level 17 in Armour
 34564 | Spider:4 | Received a gift from Trog
 35132 | Spider:3 | Received a gift from Trog
 35431 | Spider:3 | Reached XP level 18. HP: 37/106 MP: 6/18
 35996 | Spider:4 | Got a gossamer rune of Zot
 36092 | Spider:4 | Reached skill level 10 in Fighting
 36579 | Orc:1    | Entered Level 1 of the Orcish Mines
 36881 | Orc:1    | Paralysed by an orc sorcerer for 4 turns
 36981 | Orc:1    | Found a roughly hewn altar of Beogh.
 37383 | Orc:2    | Entered Level 2 of the Orcish Mines
 37490 | Orc:2    | Found a staircase to the Elven Halls.
 37712 | Orc:2    | Found Zyta's Weapon Shop.
 37757 | Orc:2    | Found Ynkagan's Food Shoppe.
 37796 | Orc:2    | Received a gift from Trog
 37799 | Orc:2    | Found Qoguis's Food Boutique.
 37805 | Orc:2    | Found Godutak's Jewellery Shop.
 37886 | Orc:2    | Bought a +3 ring of slaying for 630 gold pieces
 38708 | Vaults:1 | Entered Level 1 of the Vaults
 38792 | Vaults:1 | Received a gift from Trog
 39079 | Vaults:1 | Noticed Jorgrun
 39089 | Vaults:1 | Noticed tamionv's ghost (adept GrBe)
 39149 | Vaults:1 | Killed tamionv's ghost
 39191 | Vaults:1 | Received a gift from Trog
 39200 | Vaults:1 | Killed Jorgrun
 39200 | Vaults:1 | Reached skill level 18 in Armour
 40084 | Vaults:1 | Found a runed door.
 40085 | Vaults:1 | Found the cursed +14 obsidian axe {chop, +Fly SInv *Curse}
 40407 | Vaults:2 | Reached skill level 15 in Throwing
 40748 | Vaults:2 | Reached XP level 19. HP: 113/116 MP: 19/19
 40931 | Vaults:2 | Received a gift from Trog
 41245 | Vaults:2 | Received a gift from Trog
 41659 | Vaults:3 | Received a gift from Trog
 42079 | Vaults:3 | Found a staircase to the Crypt.
 42079 | Vaults:3 | Found a basalt altar of Yredelemnul.
 42080 | Vaults:3 | Found an ancient bone altar of Kikubaaqudgha.
 42366 | Vaults:3 | Found Dagawku's Distillery.
 42464 | Vaults:3 | Received a gift from Trog
 42768 | Vaults:3 | HP: 7/180 [ironheart preserver/mace[a boggart] (9)]
 42770 | Vaults:3 | Slain by a wolf spider

Vault maps used:
D:1:      dpeg_arrival_water_temple_mockup
D:2:      tso_metal_star, lemuel_coloured_pillars_altar,
          minmay_misc_feat_columns
D:3:      uniq_robin
D:4:      old_standard_altar, kennysheep_mini, temple_statues,
          cheibrodos_sewer_entry_sluice, first_ration, serial_shops, shop,
          uniq_eustachio, uniq_natasha, uniq_blork_the_orc
D:5:      kennysheep_dice, uniq_duvessa, uniq_pikel, uniq_menkaure
D:6:      kennysheep_orc_sif_temple, serial_corexii_hall,
          corexii_hall_statues_l, corexii_hall_statues_x, minmay_three_doors,
          uniq_sigmund, uniq_prince_ribbit1
D:7:      lemuel_doored_altar
D:8:      lemuel_round_altar, uniq_grum
D:9:      okawaru_altar_gauntlet_db, lair_entry_dummy, serial_shops,
          kennysheep_little_box
D:10:     orc_0_dummy
D:12:     serial_shops, shop
D:13:     serial_shops, shop, uniq_rupert, uniq_nessos, uniq_josephine
D:14:     erik_vaults_2, minivault_23, gammafunk_ghost_grave, david_nohive_1,
          fedhas_altar_1
D:15:     hangedman_depths_entry_civil_slaughter, hangedman_decor_opposing
Lair:1:   minmay_lair_oklob_tunnel, serial_forest,
          infiniplex_forest_clump_diagonal, infiniplex_forest_lined_room_2,
          infiniplex_forest_end_2, infiniplex_forest_lined_room_3, st_stairs_10,
          lemuel_fruit_tree, uniq_erica, uniq_sonja
Lair:2:   elwin_shoals_entry_rooms, minivault_25
Lair:4:   spider_nest_entry_a, minmay_lair_oklob_chamber
Lair:5:   st_stairs_7, serial_bayou_crossing
Lair:6:   grunt_lair_end_beastmaster, slime_altar_2,
          portal_ice_cave_demonic_guard, dpeg_oklob_1, serial_bayou_shore_a
Spider:1: hangedman_creepy_crawlies, uniq_aizul, uniq_kirke, uniq_louise
Spider:2: nicolae_spider_cling_ruins, uniq_frances
Spider:4: grunt_spider_rune_circles
Orc:1:    statue_in_the_mist_lemuel, kennysheep_orc_chapel
Orc:2:    st_orc_open, enter_volcano_2
Vaults:1: gammafunk_vaults_ghost_grave, vaults_dpeg_cross, v_rooms_6,
          grunt_vaults_bifocal, vaults_dpeg_hooks, hangedman_vaults_slice,
          vaults_mumra_lcd, uniq_jorgrun
Vaults:2: vaults_room_fours, v_misc_14, nicolae_vaults_c_with_doors,
          vaults_room_large_hall, hangedman_vaults_variations,
          ontoclasm_vaults_ring_small, nicolae_vaults_circle_grid_b,
          nicolae_vaults_network_barrier
Vaults:3: nicolae_vaults_alarming, vaults_mumra_hex, v_misc_24,
          minmay_crypt_entry_necro_gods, vaults_room_door_hall, v_misc_32,
          vaults_dpeg_doors, v_misc_24, vaults_room_door_hall,
          grunt_vaults_hallway_short, ontoclasm_vaults_eye, st_spiral_rooms,
          nicolae_vaults_theta, vaults_room_semicircle, serial_shops, shop
IceCv:    ice_cave_small_giant

Skill      XL: |  1  2  3  4  5  6  7  8  9 10 11 12 13 14 15 16 17 18 19 |
---------------+----------------------------------------------------------+-----
Maces & Flails | 3 4 5 6 7 9 10 11 13 14 15 16 | 16.0
Throwing       | 1 2 3 4 5 6 7 10 11 12 14 15 | 15.4
Shields        | 4 5 6 7 9 10 11 13 14 15 16 | 16.2
Armour         | 4 5 6 7 8 10 11 13 14 15 17 18 | 18.6
Fighting       | 4 5 6 7 8 9 11 13 | 13.6

Action                   |  1- 3 |  4- 6 |  7- 9 | 10-12 | 13-15 | 16-18 | 19-21 || total
-------------------------+-------+-------+-------+-------+-------+-------+-------++-------
Melee: Flail             |   137 |   198 |   133 |       |       |       |       ||   468
       Mace              |       |       |   213 |   990 |  2264 |     8 |       ||  3475
       Eveningstar       |       |       |       |       |       |  1705 |       ||  1705
       Demon whip        |       |       |       |       |       |   698 |   603 ||  1301
Throw: Tomahawk          |       |       |    34 |    31 |    45 |   130 |       ||   240
       Javelin           |       |       |       |       |    50 |   109 |    14 ||   173
Invok: Berserk           |       |       |     2 |     8 |     6 |     5 |     3 ||    24
       Trog's Hand       |       |       |       |     1 |     2 |     2 |     1 ||     6
       Brothers in Arms  |       |       |       |       |     2 |    10 |     1 ||    13
  Use: Scroll            |     4 |       |     8 |     5 |    13 |     9 |       ||    39
       Potion            |     1 |     4 |     9 |     1 |     7 |     6 |     1 ||    29
 Stab: Invisible         |       |       |       |     2 |       |       |       ||     2
       Confused          |       |       |       |       |     1 |       |       ||     1
       Distracted        |       |       |       |       |       |     3 |       ||     3
       Held in net/web   |       |       |       |       |       |     1 |       ||     1
  Eat: Chunk             |     1 |     7 |    11 |    29 |    28 |    42 |    10 ||   128
       Ration            |       |       |     1 |     2 |     6 |     4 |       ||    13
Armor: Scale mail        |    89 |       |       |       |       |       |       ||    89
       Chain mail        |    16 |   268 |   205 |    60 |       |       |       ||   549
       Plate armour      |       |       |       |    74 |       |       |       ||    74
       Quicksilver drago |       |       |       |   238 |   185 |       |       ||   423
       Ring mail         |       |       |       |       |    14 |       |       ||    14
       Crystal plate arm |       |       |       |       |   993 |  2371 |   259 ||  3623
Dodge: Dodged            |    56 |   102 |    93 |   308 |   657 |   904 |    69 ||  2189
       Deflected         |       |       |       |       |    17 |    16 |     5 ||    38
Block: Shield            |    93 |   199 |   164 |   501 |  1267 |  1888 |       ||  4112
       Large shield      |       |       |       |       |       |   378 |   450 ||   828

Table legend:
 A = Spawn XP
 B = Non-spawn XP
 C = Spawn XP percentage of total XP
 D = Spawn monster count
 E = Non-spawn monster count
 F = Spawn count percentage of total count
 G = Total turns spent on level
                    A         B        C        D         E        F      G
               +---------+---------+-------+---------+---------+-------+---------
         Total |       0 |  379997 |   0.0 |       0 |    1181 |   0.0 | 42770
               +---------+---------+-------+---------+---------+-------+---------
           D:1 |       0 |      22 |   0.0 |       0 |      11 |   0.0 |   497
           D:2 |       0 |      43 |   0.0 |       0 |      18 |   0.0 |   608
           D:3 |       0 |     304 |   0.0 |       0 |      31 |   0.0 |  1215
           D:4 |       0 |     673 |   0.0 |       0 |      35 |   0.0 |  2113
           D:5 |       0 |    1469 |   0.0 |       0 |      19 |   0.0 |  1027
           D:6 |       0 |    1634 |   0.0 |       0 |      20 |   0.0 |  1211
           D:7 |       0 |     913 |   0.0 |       0 |      18 |   0.0 |   735
           D:8 |       0 |    1102 |   0.0 |       0 |      11 |   0.0 |   731
           D:9 |       0 |    1858 |   0.0 |       0 |      20 |   0.0 |  1470
          D:10 |       0 |    2293 |   0.0 |       0 |      29 |   0.0 |  1022
          D:11 |       0 |    8156 |   0.0 |       0 |      27 |   0.0 |  1776
          D:12 |       0 |    6613 |   0.0 |       0 |      43 |   0.0 |  1838
          D:13 |       0 |   19264 |   0.0 |       0 |      50 |   0.0 |  1692
          D:14 |       0 |   23387 |   0.0 |       0 |      63 |   0.0 |  1748
          D:15 |       0 |   15271 |   0.0 |       0 |      46 |   0.0 |  1166
        Lair:1 |       0 |    9606 |   0.0 |       0 |      28 |   0.0 |  2136
        Lair:2 |       0 |    4243 |   0.0 |       0 |      18 |   0.0 |   951
        Lair:3 |       0 |    4008 |   0.0 |       0 |      16 |   0.0 |  1307
        Lair:4 |       0 |   10500 |   0.0 |       0 |      32 |   0.0 |  1765
        Lair:5 |       0 |    4120 |   0.0 |       0 |      17 |   0.0 |  1022
        Lair:6 |       0 |   24202 |   0.0 |       0 |      65 |   0.0 |  2218
      Spider:1 |       0 |   31999 |   0.0 |       0 |     106 |   0.0 |  2087
      Spider:2 |       0 |   22533 |   0.0 |       0 |      68 |   0.0 |  2380
      Spider:3 |       0 |   23912 |   0.0 |       0 |      64 |   0.0 |  1451
      Spider:4 |       0 |   30959 |   0.0 |       0 |      65 |   0.0 |  1653
         Orc:1 |       0 |    5085 |   0.0 |       0 |      32 |   0.0 |   519
         Orc:2 |       0 |   17240 |   0.0 |       0 |      53 |   0.0 |  1152
      Vaults:1 |       0 |   22800 |   0.0 |       0 |      39 |   0.0 |  1423
      Vaults:2 |       0 |   33135 |   0.0 |       0 |      36 |   0.0 |  1358
      Vaults:3 |       0 |   42847 |   0.0 |       0 |      65 |   0.0 |  1281
         IceCv |       0 |    9806 |   0.0 |       0 |      36 |   0.0 |  1218
               +---------+---------+-------+---------+---------+-------+---------
